 Dungeon Crawl Stone Soup version 0.30-a0-939-gc8157cb160 (console) character file.

Game seed: 2564821201560249593

2378048 atomjack the Warrior (level 27, 240/240 HPs)
             Began as a Demonspawn Summoner on Mar 23, 2023.
             Was a High Priest of Ashenzari.
             Escaped with the Orb
             ... and 4 runes on Mar 25, 2023!
             The game lasted 05:57:18 (69222 turns).

atomjack the Warrior (Demonspawn Summoner)         Turns: 69222, Time: 05:57:18

Health: 240/240    AC: 19    Str:  9    XL:     27
Magic:  61/61      EV: 37    Int: 34    God:    Ashenzari [*****.]
Gold:   2277       SH:  8    Dex: 28    Spells: 1/74 levels left

rFire   + . .      SeeInvis +    a - +8 demon whip (vamp)
rCold   + . .      Faith    .    W - +1 buckler "Shackled Yoke" {rC+, Cun, Comp} (curse)
rNeg    + + +      Spirit   +    q - +0 leather armour of Cocytus {Drain rPois rF+ rN+++}
rPois   +          Reflect  .    g - +3 hat of Pondering {ponderous, Will+ MP+10 Int+5, Cun, Self} (curse)
rElec   +          Rampage  .    l - +4 dragonskin cloak {Cun, Self} (curse)
rCorr   +          Clarity  +    (gloves unavailable)
Will    +++++                    c - +2 pair of boots "Lashed With Me" {Fly, Cun, Comp} (curse)
Stlth   ++                       U - amulet "I Foresaw This" {Regen+, Comp, Cun} (curse)
HPRegen 1.40/turn                V - ring "Seer of Ashenzari" {rElec rN+ Int+6 Dex+3, Comp, Self} (curse)
MPRegen 0.74/turn                k - ring of the Cryptic Limitation {Will++ rCorr Str-2 Dex+6 Stlth+, Self, Comp} (curse)

@: flying, studying Summonings, slow
A: claws 3, slimy green scales 3, ignite blood 3, magic shield, magic
regeneration, magic link, black mark, bedeviling, aura of silence
0: Orb of Zot
}: 4/15 runes: barnacled, slimy, silver, gossamer
a: Renounce Religion, Curse Item, Shatter the Chains


You escaped.
You worshipped Ashenzari.
Ashenzari was extremely pleased with you.
You visited 12 branches of the dungeon, and saw 56 of its levels.
You visited 2 bazaars.
You also visited: Sewer, Gauntlet, Ice Cave and Volcano.

You collected 10666 gold pieces.
You spent 8389 gold pieces at shops.

Inventory:

Hand Weapons
 a - a +8 vampiric demon whip (weapon)
 b - a +5 spectral eveningstar
Missiles
 d - 7 throwing nets
Armour
 c - the cursed +2 pair of boots "Lashed With Me" (worn) {Fly, Cun, Comp}
   (You found it on level 15 of the Dungeon)

   It has a curse which improves the following skills: Cunning: Dodging and
   Stealth.
   Companions: Summonings and Necromancy.
 g - the cursed +3 hat of Pondering (worn) {ponderous, Will+ MP+10 Int+5, Cun, Self}
   (You found it on level 4 of the Spider Nest)

   Int:       It affects your intelligence (+5).
   MP:        It affects your magic capacity (+10).
   Will:      It increases your willpower.
   It has a curse which improves the following skills: Cunning: Dodging and
   Stealth.
   Introspection: Fighting and Spellcasting.
 l - the cursed +4 dragonskin cloak (worn) {Cun, Self}
   (You took it off Tiamat on level 2 of the Realm of Zot)

   Avatar's Aegis: It grants the wearer a chance to resist fire, cold, poison,
   electricity, acid, and negative energy.
   It has a curse which improves the following skills: Cunning: Dodging and
   Stealth.
   Introspection: Fighting and Spellcasting.
 q - the +0 leather armour of Cocytus (worn) {Drain rPois rF+ rN+++}
   (You found it on level 2 of the Crypt)

   rF:        It protects you from fire.
   rPois:     It protects you from poison.
   rN:        It renders you almost immune to negative energy.
   Drain:     It drains your maximum health when unequipped.
 K - the +3 cloak of the Meager God {rC+ rN+ Str+4 Int-4}
   (You found it on level 3 of the Depths)

   Str:       It affects your strength (+4).
   Int:       It affects your intelligence (-4).
   rC:        It protects you from cold.
   rN:        It protects you from negative energy.
 W - the cursed +1 buckler "Shackled Yoke" (worn) {rC+, Cun, Comp}
   (You found it in an ice cave)

   It has a curse which improves the following skills: Cunning: Dodging and
   Stealth.
   Companions: Summonings and Necromancy.
 Y - the +3 pair of seven-league boots {Rampage+∞}
   (You found it on level 1 of the Realm of Zot)

   Rampage+∞: When moving toward enemies, its wearer moves as far as possible.
Jewellery
 f - the ring "Gulienif" {Will+ AC+4 Int+3}
   (You bought it in a shop in a bazaar)

   [ring of protection]

   AC:        It affects your AC (+4).
   Int:       It affects your intelligence (+3).
   Will:      It increases your willpower.
 h - the ring of Hothrus {rC+ Will+ Dex+4}
   (You bought it in a shop in a bazaar)

   [ring of protection from cold]

   Dex:       It affects your dexterity (+4).
   rC:        It protects you from cold.
   Will:      It increases your willpower.
 k - the cursed ring of the Cryptic Limitation (right claw) {Will++ rCorr Str-2 Dex+6 Stlth+, Self, Comp}
   (You bought it in a shop in a bazaar)

   [ring of dexterity]

   Str:       It affects your strength (-2).
   Dex:       It affects your dexterity (+6).
   rCorr:     It protects you from acid and corrosion.
   Will:      It greatly increases your willpower.
   Stlth:     It makes you more stealthy.
   It has a curse which improves the following skills: Introspection: Fighting
   and Spellcasting.
   Companions: Summonings and Necromancy.
 t - a ring of flight
 N - the ring of the Mage {Wiz Archmagi}
   (You found it on level 5 of the Pits of Slime)

   [ring of wizardry]

   It improves your spell success rate.
   Archmagi:  It increases the power of your magical spells.
 U - the cursed amulet "I Foresaw This" (around neck) {Regen+, Comp, Cun}
   (You found it on level 10 of the Dungeon)

   [amulet of regeneration]

   Regen:     It increases your rate of health regeneration.
   It has a curse which improves the following skills: Companions: Summonings
   and Necromancy.
   Cunning:   Dodging and Stealth.
 V - the cursed ring "Seer of Ashenzari" (left claw) {rElec rN+ Int+6 Dex+3, Comp, Self}
   (You acquired it on level 3 of the Dungeon)

   [ring of intelligence]

   Int:       It affects your intelligence (+6).
   Dex:       It affects your dexterity (+3).
   rElec:     It insulates you from electricity.
   rN:        It protects you from negative energy.
   It has a curse which improves the following skills: Companions: Summonings
   and Necromancy.
   Introspection: Fighting and Spellcasting.
Wands
 A - a wand of light (31)
 D - a wand of roots (34)
 Q - a wand of charming (65)
 T - a wand of digging (8)
Scrolls
 m - 13 scrolls of blinking
 n - 6 scrolls of magic mapping
 w - 17 scrolls of fear
 y - 12 scrolls of fog
 z - 4 scrolls of amnesia
 C - 9 scrolls of immolation
 E - 11 scrolls of poison
 F - 8 scrolls of summoning
 L - 23 scrolls of teleportation
 M - 9 scrolls of vulnerability
 P - a scroll of silence
 Z - 4 scrolls of torment
Potions
 e - 7 potions of cancellation
 i - 4 potions of brilliance
 j - 2 potions of invisibility
 o - 29 potions of curing
 r - 11 potions of flight
 s - 4 potions of berserk rage
 u - 10 potions of lignification
 v - a potion of resistance
 x - 8 potions of attraction
 B - 9 potions of might
 G - 4 potions of haste
 H - 7 potions of magic
 I - 15 potions of heal wounds
 J - 9 potions of mutation
 O - 11 potions of ambrosia
Miscellaneous
 R - a phial of floods
 S - a lightning rod (4/4)


   Skills:
 * Level 20.2(24.9) Fighting
 - Level 0.2 Short Blades
 - Level 16.0 Maces & Flails
 - Level 4.9 Armour
 * Level 19.9(25.4) Dodging
 - Level 2.4(6.7) Stealth
 - Level 4.0 Shields
 - Level 0.3 Unarmed Combat
 - Level 19.6(24.3) Spellcasting
 - Level 18.0 Hexes
 - Level 19.1(24.6) Summonings
 - Level 19.1(24.6) Necromancy
 - Level 7.7 Translocations
 - Level 10.8 Transmutations
 - Level 1.9 Air Magic
 - Level 11.1 Earth Magic
 - Level 4.2 Evocations


You had one spell level left.
You knew the following spells:

 Your Spells              Type           Power      Damage    Failure   Level
a - Enfeeble              Hex            64%        N/A       1%          7
b - Death's Door          Necr           59%        N/A       4%          9
d - Summon Guardian Gole  Hex/Summ       100%       N/A       0%          3
e - Summon Lightning Spi  Summ/Air       93%        N/A       1%          4
f - Blink                 Tloc           100%       N/A       1%          2
g - Anguish               Hex/Necr       68%        N/A       0%          4
h - Summon Horrible Thin  Summ           59%        N/A       1%          8
i - Malign Gateway        Summ/Tloc      50%        N/A       1%          7
j - Dragon's Call         Summ           59%        N/A       4%          9
k - Death Channel         Necr           59%        N/A       0%          6
l - Statue Form           Tmut/Erth      57%        N/A       1%          6
m - Discord               Hex            64%        N/A       4%          8

Your spell library contained the following spells:

 Spells                   Type           Power      Damage    Failure   Level
 Beastly Appendage        Tmut           100%       N/A       0%          1
 Kiss of Death            Conj/Necr      100%       2d13      0%          1
 Necrotise                Necr           100%       1d9       0%          1
 Summon Small Mammal      Summ           100%       N/A       0%          1
 Apportation              Tloc           100%       N/A       1%          1
 Foxfire                  Conj/Fire      100%       2x1d9     1%          1
 Freeze                   Ice            100%       1d10      1%          1
 Shock                    Conj/Air       100%       1d9       1%          1
 Sting                    Tmut/Pois      100%       1d8       1%          1
 Call Imp                 Summ           100%       N/A       0%          2
 Call Canine Familiar     Summ           100%       N/A       0%          3
 Confusing Touch          Hex            100%       N/A       0%          3
 Portal Projectile        Hex/Tloc       100%       N/A       0%          3
 Tukima's Dance           Hex            100%       N/A       0%          3
 Vampiric Draining        Necr           100%       2d13      0%          3
 Animate Armour           Summ/Erth      100%       N/A       0%          4
 Animate Dead             Necr           100%       N/A       0%          4
 Cause Fear               Hex            64%        N/A       0%          4
 Dispel Undead            Necr           100%       3d31      0%          4
 Agony                    Necr           100%       N/A       0%          5
 Summon Mana Viper        Hex/Summ       100%       N/A       0%          5
 Summon Cactus Giant      Summ           59%        N/A       0%          6
 Cigotuvi's Dreadful Rot  Necr/Pois/Air  100%       N/A       1%          2
 Ensorcelled Hibernation  Hex/Ice        100%       N/A       1%          2
 Passwall                 Tmut/Erth      71%        N/A       1%          2
 Poisonous Vapours        Pois/Air       96%        N/A       1%          2
 Static Discharge         Conj/Air       96%        2-6/arc   1%          2
 Wereblood                Tmut           86%        N/A       1%          2
 Ignite Poison            Fire/Tmut/Pois 60%        N/A       1%          3
 Inner Flame              Hex/Fire       100%       N/A       1%          3
 Spider Form              Tmut/Pois      67%        N/A       1%          3
 Stone Arrow              Conj/Erth      100%       3d13      1%          3
 Swiftness                Air            53%        N/A       1%          3
 Vhi's Electric Charge    Tloc/Air       100%       N/A       1%          3
 Ice Form                 Ice/Tmut       67%        N/A       1%          4
 Manifold Assault         Tloc           76%        N/A       1%          4
 Petrify                  Tmut/Erth      86%        N/A       1%          4
 Summon Ice Beast         Ice/Summ       90%        N/A       1%          4
 Blade Hands              Tmut           43%        N/A       1%          5
 Borgnjor's Vile Clutch   Necr/Erth      52%        N/A       1%          5
 Lee's Rapid Deconstruct  Erth           43%        3d21*     1%          5
 Metabolic Englaciation   Hex/Ice        50%        N/A       1%          5
 Summon Forest            Summ/Tloc      50%        N/A       1%          5
 Yara's Violent Unravell  Hex/Tmut       59%        3d22      1%          5
 Simulacrum               Ice/Necr       45%        N/A       1%          6
 Monstrous Menagerie      Summ           59%        N/A       1%          7
 Summon Hydra             Summ           59%        N/A       1%          7
 Borgnjor's Revivificati  Necr           59%        N/A       1%          8
 Mephitic Cloud           Conj/Pois/Air  45%        N/A       2%          3
 Iskenderun's Mystic Bla  Conj/Tloc      61%        2d13      2%          4
 Frozen Ramparts          Ice            82%        1d13      3%          3
 Hailstorm                Conj/Ice       41%        3d10      3%          3
 Ozocubu's Armour         Ice            41%        N/A       3%          3
 Alistair's Intoxication  Tmut/Pois      44%        N/A       3%          5
 Irradiate                Conj/Tmut      33%        3d22      3%          5
 Airstrike                Air            26%        2d(4-20)  4%          4
 Necromutation            Tmut/Necr      52%        N/A       4%          8
 Spellforged Servitor     Conj/Summ      45%        N/A       5%          7
 Olgreb's Toxic Radiance  Pois           41%        N/A       11%         4
 Dragon Form              Tmut           43%        N/A       11%         7
 Eringya's Noxious Bog    Tmut/Pois      33%        N/A       17%         6
 Iron Shot                Conj/Erth      34%        9d7       17%         6
 Arcjolt                  Conj/Air       24%        1d34      21%         5
 Plasma Beam              Fire/Air       24%        2x1d39    21%         5
 Freezing Cloud           Conj/Ice/Air   22%        6-21      22%         5
 Fireball                 Conj/Fire      20%        3d10      28%         5
 Iskenderun's Battlesphe  Conj           41%        2d9       28%         5
 Storm Form               Tmut/Air       35%        N/A       54%         7
 Conjure Ball Lightning   Conj/Air       24%        3x3d7     73%         6
 Starburst                Conj/Fire      20%        6d7       85%         6
 Disjunction              Tloc           38%        N/A       96%         8
 Orb of Destruction       Conj           20%        9d8       100%        7
 Ozocubu's Refrigeration  Ice            20%        4d12      100%        7
 Ignition                 Fire           20%        3d7       100%        8
 Lehudib's Crystal Spear  Conj/Erth      34%        10d9      100%        8
 Maxwell's Capacitive Co  Air            26%        ∞         100%        8
 Chain Lightning          Conj/Air       24%        3d32      100%        9
 Fire Storm               Conj/Fire      20%        8d5       100%        9
 Polar Vortex             Ice            20%        N/A       100%        9
 Shatter                  Erth           43%        3d34*     100%        9


Dungeon Overview and Level Annotations

Branches:
Dungeon (15/15)            Temple (1/1) D:6            Lair (5/5) D:10
 Shoals (4/4) Lair:2       Spider (4/4) Lair:2        Slime (5/5) Lair:5
    Orc (2/2) D:9             Elf (3/3) Orc:2        Vaults (5/5) D:14
  Crypt (3/3) Vaults:2       Tomb (0/3) Crypt:3      Depths (4/4) D:15
    Zot (5/5) Depths:4      Sewer (visited)           IceCv (visited)
Volcano (visited)         Gauntlet (visited)

Altars:
Ashenzari
Cheibriados
Dithmenos
Fedhas
Gozag
Hepliaklqana
Kikubaaqudgha
Makhleb
Nemelex Xobeh
Okawaru
Qazlal
Ru
Sif Muna
Trog
Uskayaw
Vehumet
Wu Jian
Xom
Yredelemnul
Lugonu

Shops:
D:3 ?   D:6 !   D:8 :   D:13 [[   Orc:2 ![*?   Elf:1 ![   Elf:2 *:?(
Shoals:3 =   Vaults:3 *(*   Vaults:4 *   Vaults:5 [(:[

Portals:
Hell: Depths:1 Depths:2 Depths:3 Depths:4
Abyss: Lair:5 Depths:2 Depths:3 Depths:4
Pandemonium: Depths:2
Ziggurat: Depths:3

Annotations:
D:7 Menkaure
Elf:2 3 runed translucent doors, exclusion: 3 doors


Innate Abilities, Weirdness & Mutations

You have claws for hands.
You are completely covered in slimy green scales. (AC +4, rPois)
Your demonic aura causes all spilled blood to erupt in flames.
When hurt, damage is shared between your health and your magic reserves.
You regenerate magic rapidly.
When low on magic, you restore magic in place of health.
Your melee attacks may debilitate your foes.
Your hexes are more powerful.
You are surrounded by an aura of silence.


Message History

The Orb Guardian is moderately wounded.
You block the Orb Guardian's attack.
You whack the Orb Guardian!
The Orb Guardian is drained!
The Orb Guardian is moderately wounded.
The Orb Guardian completely misses you.
You closely miss the Orb Guardian.
The Orb Guardian is moderately wounded.
The Orb Guardian hits you but does no damage.
You completely miss the Orb Guardian.
The Orb Guardian is moderately wounded.
You whack the Orb Guardian!
The Orb Guardian is heavily wounded.
You block the Orb Guardian's attack.
You barely miss the Orb Guardian.
The Orb Guardian is heavily wounded.
You block the Orb Guardian's attack.
You hit the Orb Guardian.
The Orb Guardian is heavily wounded.
You whack the Orb Guardian!
The Orb Guardian is severely wounded.
The Orb Guardian closely misses you.
You thrash the Orb Guardian!!
The Orb Guardian is almost dead.
The Orb Guardian closely misses you.
You closely miss the Orb Guardian.
The Orb Guardian is almost dead.
The Orb Guardian completely misses you.
You hit the Orb Guardian.
The Orb Guardian is almost dead.
You hit the Orb Guardian.
The Orb Guardian is almost dead.
The Orb Guardian misses you.
You whack the Orb Guardian!
You kill the Orb Guardian!
(D) Dungeon (T) Temple (L) Lair (A) Shoals (N) Spider Nest (M) Slime Pits (O) Orcish Mines (E) Elven Halls (V) Vaults (C) Crypt (W) Tomb (U) Depths (H) Hell (Z) Zot
Where to? (Enter - D:1 @ (x,y), ? - help)
There is a staircase leading out of the dungeon here.
You have escaped!

# #.####.#
#.#............#####.#
###......# #.#.###.####.#.#
#.# .....###.# #.#.# #.#
#.#.# #.# .........#
#.#.###.## #.#.# #.#
.....###.# #.#......###.#.#
#.# .....# #.#
#>#######....#.# #.#
.....###.###.##~##~######.#
#..
.....##.....##~P~~P~#####.#
###
.....##.....#~P8P.8.~#....#
#
#.#####.##..##~P....####..#
#
#.#####.###.....@......#..#
# #.......#
####~...♣.##....# #
#########
#~.8.♣8♣~###.##### #
##~.~~♣~####.....# #
##~##~##.###....####
#######.# #.#...... #######
#.#.# #....#### ......#
#.#.####.#.#### #####.#
#.............. #.#
#.#.###.##.#### ####.#
#.#.# #.##....#


There were no monsters in sight!

Vanquished Creatures
  2 ancient liches
  Mennas (Vaults:5)
  A Killer Klown (Zot:5)
  2 golden dragons
  A tentacled monstrosity (Zot:2)
  3 titans
  A deep elf master archer (Elf:3)
  A deep elf blademaster (Elf:3)
  8 Orb Guardians
  2 sphinxes
  Agnes (Elf:1)
  3 death cobs
  An ancient champion (Crypt:3)
  5 storm dragons
  2 tengu reavers
  4 shadow dragons
  3 draconian monks
  3 draconian knights
  An azure jelly (Slime:1)
  2 rockslimes
  6 frost giants
  A ghost moth (Zot:5)
  2 deep elf sorcerers
  2 fire giants
  6 vault wardens
  4 draconian scorchers
  A balrug (Zot:4)
  A ghost moth (shapeshifter) (Zot:1)
  A curse skull (Crypt:2)
  4 ghouls
  A reaper (Crypt:2)
  2 spectral caustic shrikes (Depths:2)
  3 draconian shifters
  A caustic shrike skeleton (Crypt:3)
  2 draconian annihilators
  3 draconian stormcallers
  A deep elf elementalist (Elf:3)
  2 vampire knights (Depths:3)
  5 very ugly things
  6 ironbound preservers
  A spriggan defender (Depths:4)
  4 stone giants
  2 juggernaut skeletons (Crypt:3)
  5 purple draconians
  4 green draconians
  3 ironbound thunderhulks
  2 black draconians
  A spark wasp (shapeshifter) (Depths:3)
  3 red draconians
  A deep elf annihilator (Vaults:5)
  3 yellow draconians
  A white draconian (shapeshifter) (Zot:1)
  A dire elephant (Vaults:1)
  A purple draconian (shapeshifter) (Zot:1)
  2 spark wasps (Depths:3)
  4 white draconians
  A deep elf death mage (Crypt:1)
  5 ettins
  6 jiangshi
  2 fire dragons
  Josephine (Shoals:1)
  A merfolk impaler (Shoals:2)
  2 deep elf high priests
  3 great orbs of eyes
  An entropy weaver (Spider:4)
  18 vault guards
  Erolcha (D:12)
  A rakshasa (Zot:1)
  7 yaktaur captains
  12 hydras
  3 ice dragons
  A spriggan air mage (Depths:4)
  2 jorogumos
  10 centaur warriors
  6 ironbound frosthearts
  A peacekeeper (Vaults:2)
  4 dancing weapons
  5 two-headed ogres
  A death knight (Zot:1)
  5 deep troll shamans
  A merfolk aquamancer (Shoals:4)
  A tengu warrior (D:15)
  A boulder beetle (Spider:2)
  A death yak (Lair:5)
  4 vampire magi
  4 deep troll earth magi
  A thrashing horror (Lair:5)
  A titan skeleton (Crypt:3)
  A hell knight (Depths:1)
  3 sun demons (Zot:4)
  3 orc high priests
  2 soul eaters (Zot:3)
  3 deep elf knights (Elf:2)
  4 iron trolls
  A pharaoh ant (Spider:4)
  A sea snake (Shoals:3)
  A death drake (Zot:3)
  5 skeletal warriors
  25 deep trolls
  2 bog bodies (Crypt:2)
  A spriggan simulacrum (Crypt:1)
  3 deep elf archers
  6 ironbound convokers
  4 lindwurms (Vaults:2)
  Pikel (D:5)
  5 harpies
  5 necromancers
  A bunyip skeleton (Crypt:3)
  2 orc knights
  A sphinx zombie (Depths:3)
  2 phantasmal warriors
  9 deep elf pyromancers
  A shadow dragon skeleton (Crypt:3)
  11 deep elf zephyrmancers
  2 fauns
  An orc sorcerer (Orc:2)
  8 ugly things
  A cyclops (D:11)
  A faun (shapeshifter) (Vaults:5)
  3 manticores
  10 moths of wrath
  A draconian skeleton (Crypt:3)
  A salamander (Depths:4)
  A stone giant skeleton (Crypt:3)
  An iron dragon skeleton (Crypt:3)
  4 vault sentinels
  3 elephants (Lair:4)
  A merfolk siren (Shoals:4)
  A torpor snail (Lair:5)
  3 black mambas (Lair:4)
  A smoke demon (Lair:5)
  A rime drake (IceCv)
  4 cane toads
  An orange demon (Depths:2)
  4 unseen horrors
  A steelbarb worm zombie (Crypt:3)
  2 freezing wraiths (Crypt:1)
  2 komodo dragons
  A minotaur skeleton (Crypt:1)
  2 tengu conjurers (Depths:1)
  16 yaktaurs
  3 polar bears (IceCv)
  2 meliai (D:15)
  A troll (D:14)
  6 merfolk
  A guardian mummy (Zot:3)
  5 harpy zombies
  A hornet (D:9)
  2 red devils
  A tarantella (shapeshifter) (Depths:1)
  5 nameless horrors
  3 tarantellas
  2 harpy skeletons (Crypt:3)
  12 blink frogs
  3 raiju (Zot:1)
  A dream sheep (Shoals:1)
  An iron dragon simulacrum (Crypt:1)
  A blink frog (shapeshifter) (D:14)
  4 jumping spiders
  2 snapping turtles
  6 centaur simulacra (Gauntlet)
  3 slime creatures
  A shadow (D:12)
  A ynoxinul (Gauntlet)
  A dire elephant simulacrum (Crypt:1)
  4 water elementals
  2 culicivoras (Spider:2)
  A slime creature zombie (Crypt:1)
  7 wraiths
  A wyvern (Lair:3)
  3 fire elementals
  2 humans (D:14)
  A chaos spawn (Lair:5)
  23 yaks
  4 redbacks
  3 basilisks
  An elf simulacrum (Vaults:2)
  3 wargs
  9 water moccasins
  Duvessa (D:5)
  A faun skeleton (Crypt:2)
  5 orc warriors
  2 black bears
  2 small abominations (Lair:5)
  9 centaurs
  A meliai simulacrum (Gauntlet)
  4 ogres
  10 wolves
  A lemure (D:5)
  A komodo dragon zombie (Crypt:2)
  4 kobold brigands
  4 bullfrogs
  A gnoll sergeant (D:10)
  A scorpion (D:4)
  8 wights
  A hornet simulacrum (Gauntlet)
  A queen bee zombie (Crypt:2)
  4 killer bees
  9 electric eels
  2 howler monkeys
  A polar bear skeleton (Crypt:1)
  3 centaur skeletons
  10 orc priests
  2 iron imps (Gauntlet)
  Ijyb (D:5)
  Jessica (D:3)
  9 orc wizards
  An ogre skeleton (Crypt:1)
  A howler monkey zombie (Crypt:2)
  4 gnolls
  3 adders
  2 river rats (Sewer)
  A shadow imp (D:6)
  A white imp (D:5)
  An iguana skeleton (Crypt:1)
  2 worms
  5 dart slugs
  37 orcs
  8 bats
  3 endoplasms
  2 giant cockroaches (D:4)
  A goblin (D:2)
  4 hobgoblins
  4 jackals
  2 quokkas
  2 ball pythons
  2 frilled lizards (D:2)
  7 kobolds
  A quokka skeleton (Crypt:1)
  5 rats
  A butterfly (Zot:1)
  2 plants (Depths:4)
765 creatures vanquished.

Vanquished Creatures (collateral kills)
  the Royal Jelly (Slime:5)
  Tiamat (Zot:2)
  7 orbs of fire
  2 ancient liches
  Boris (Crypt:1)
  Parghit (Zot:2)
  9 Killer Klowns
  Margery (Vaults:4)
  2 pandemonium lords
  2 caustic shrikes (Depths:2)
  3 curse toes
  5 golden dragons
  Nikola (Shoals:2)
  Arachne (Spider:2)
  2 bone dragons (Zot:3)
  2 electric golems (Zot:5)
  Rupert (D:14)
  15 tentacled monstrosities
  A Hell Sentinel (Depths:1)
  Zenata (Vaults:4)
  7 liches
  21 Orb Guardians (Zot:5)
  2 titans (Vaults:5)
  6 quicksilver dragons
  2 deep elf blademasters (Elf:3)
  An acid blob (shapeshifter) (Vaults:5)
  13 acid blobs
  A walking divine tome (Depths:3)
  7 ancient champions
  A deep elf master archer (Elf:3)
  2 krakens
  5 death cobs
  8 storm dragons
  Frances (Spider:1)
  3 sphinxes
  7 eldritch tentacles
  Kirke (Spider:4)
  8 shadow dragons
  Donald (Spider:2)
  Roxanne (D:15)
  7 tengu reavers
  2 revenants
  3 draconian monks
  7 azure jellies
  Ilsuiw (Shoals:4)
  6 rockslimes
  3 iron dragons
  3 draconian knights (Zot:5)
  3 spectral caustic shrikes (Depths:2)
  6 ghost moths
  4 deep elf sorcerers (Elf:3)
  4 fire giants
  10 frost giants
  7 draconian scorchers
  2 juggernaut zombies
  An orc warlord (Vaults:3)
  2 emperor scorpions
  5 draconian stormcallers
  14 vault wardens
  9 ghouls
  2 draconian shifters
  2 deep elf elementalists (Elf:3)
  A spriggan defender (Depths:4)
  3 curse skulls
  A war gargoyle (Vaults:2)
  3 draconian annihilators
  A juggernaut skeleton (Depths:3)
  A cacodemon (D:5)
  7 broodmothers
  A green draconian (shapeshifter) (Zot:1)
  13 ironbound preservers
  20 very ugly things
  6 stone giants
  14 quicksilver oozes
  A vampire knight (Depths:3)
  7 green draconians
  A lorocyproca (Depths:1)
  3 deep elf demonologists
  Azrael (Spider:1)
  7 ironbound thunderhulks
  6 black draconians
  7 white draconians
  8 yellow draconians
  3 spark wasps
  9 deep elf annihilators
  A white draconian (shapeshifter) (Zot:1)
  12 dire elephants
  9 purple draconians
  13 red draconians
  6 deep elf death magi
  5 fire dragons
  10 merfolk impalers
  A crystal guardian (Zot:1)
  6 merfolk javelineers
  15 vault guards
  8 yaktaur captains
  7 ettins
  A mummy priest (Crypt:1)
  4 deep elf high priests
  7 jiangshi
  7 rakshasas
  2 ice dragons
  2 entropy weavers
  8 great orbs of eyes
  A peacekeeper (Vaults:4)
  22 hydras
  3 ogre magi
  2 hell beasts
  2 radroaches (Spider:3)
  3 spriggan air magi
  A caustic shrike simulacrum (Depths:1)
  3 merfolk avatars
  A jorogumo (Spider:4)
  6 merfolk aquamancers
  9 centaur warriors
  3 ironbound frosthearts
  8 dancing weapons
  6 boulder beetles
  4 alligator snapping turtles
  A death knight (Zot:1)
  7 orc high priests
  8 death yaks
  8 two-headed ogres
  6 deep troll earth magi
  Urug (D:14)
  2 vampire magi
  7 deep troll shamans
  2 tengu warriors (Depths:2)
  A satyr (Shoals:4)
  2 thrashing horrors (Lair:5)
  A sun demon (Depths:2)
  2 spriggan berserkers
  A storm dragon zombie (Crypt:3)
  Nergalle (Lair:2)
  13 hell knights
  A shadow wraith (Crypt:2)
  3 skysharks
  3 deep elf knights
  24 skeletal warriors
  3 soul eaters
  5 titan skeletons
  A salamander mystic (Volcano)
  A storm dragon skeleton (Crypt:3)
  2 sixfirhies (D:5)
  7 iron trolls
  5 pharaoh ants
  45 deep trolls
  A glowing orange brain (shapeshifter) (Depths:4)
  A sea snake (shapeshifter) (Vaults:5)
  3 glowing orange brains
  9 orb spiders
  2 shadow demons (Crypt:1)
  6 sea snakes
  A cherub (D:12)
  5 sun moths
  6 deep elf archers
  A death drake (Zot:3)
  5 flayed ghosts
  A golden dragon skeleton (Depths:1)
  2 orange crystal statues
  7 necromancers
  7 steelbarb worms
  A sphinx zombie (Vaults:3)
  6 orc knights
  2 wizards
  An anaconda skeleton (Crypt:3)
  11 wolf spiders
  11 harpies
  10 deep elf zephyrmancers
  6 phantasmal warriors
  6 bog bodies
  11 ironbound convokers
  9 lindwurms
  19 deep elf pyromancers
  A mana viper (shapeshifter) (Elf:1)
  5 oklob plants (Lair:5)
  14 manticores
  21 ugly things
  5 shining eyes
  2 frost giant zombies
  2 elephants (Lair:4)
  22 moths of wrath
  4 salamanders
  6 cyclopes
  A sphinx skeleton (Depths:3)
  8 fauns
  13 merfolk sirens
  A cyclops (shapeshifter) (Depths:4)
  A human skeleton (Vaults:4)
  A stone giant skeleton (Crypt:2)
  A black mamba (Lair:3)
  A rust devil (Gauntlet)
  8 demonic crawlers
  2 guardian serpents (Zot:1)
  13 vault sentinels
  2 eyes of devastation
  6 water nymphs
  2 gargoyles
  A guardian serpent (shapeshifter) (Elf:3)
  13 torpor snails
  An ice statue (IceCv)
  7 cane toads
  5 molten gargoyles
  A centaur skeleton (Crypt:3)
  4 smoke demons
  A cane toad (shapeshifter) (D:15)
  An unseen horror (D:11)
  2 kobold demonologists (Crypt:1)
  3 large abominations (Lair:5)
  A black draconian zombie (Crypt:1)
  4 rime drakes
  A spark wasp simulacrum (Depths:1)
  A spriggan zombie (Depths:1)
  10 yaktaurs
  2 komodo dragons
  A freezing wraith (Crypt:2)
  2 unseen horror skeletons (Crypt:2)
  2 tengu conjurers
  An ice devil (D:12)
  18 merfolk
  3 harpy zombies
  2 ancient zymes (Lair:5)
  2 spriggan skeletons (Depths:1)
  8 wind drakes
  25 tarantellas
  A shadow dragon simulacrum (Depths:3)
  6 meliai
  3 trolls
  A sphinx simulacrum (Vaults:3)
  6 polar bears (IceCv)
  9 blink frogs
  A dream sheep (Shoals:1)
  A harpy skeleton (Crypt:3)
  A hornet (Lair:3)
  A slime creature (shapeshifter) (Depths:3)
  9 snapping turtles
  2 stone giant simulacra
  28 jumping spiders
  30 slime creatures
  23 culicivoras
  An ettin zombie (Vaults:3)
  A spriggan (Lair:5)
  A vampire (D:13)
  An air elemental (Elf:1)
  3 wyverns
  A centaur simulacrum (Gauntlet)
  24 yaks
  A shadow (D:12)
  A ynoxinul (Lair:5)
  2 elf skeletons
  16 water elementals
  10 golden eyes
  10 humans (D:14)
  2 fire elementals
  4 nameless horrors
  53 redbacks
  A chaos spawn (Depths:2)
  A human (shapeshifter) (Lair:5)
  3 basilisks
  7 wraiths
  A tengu zombie (Depths:1)
  7 wargs
  An acid dragon (D:11)
  A swamp worm (shapeshifter) (Depths:3)
  4 hell hounds
  4 water moccasins
  A sky beast (D:8)
  A glowing shapeshifter skeleton (Crypt:3)
  An ice beast (Vaults:3)
  11 orc warriors
  3 black bears
  7 ogres
  7 boggarts
  21 wolves
  8 centaurs
  An elf simulacrum (Vaults:3)
  A phantom (D:5)
  8 small abominations (Lair:5)
  A yaktaur zombie (Crypt:3)
  3 human zombies
  9 bullfrogs
  A yaktaur skeleton (Crypt:3)
  3 necrophages
  3 scorpions
  An earth elemental (Elf:1)
  13 wights
  A warg zombie (Crypt:2)
  A killer bee (D:9)
  2 electric eels
  2 lava snakes (D:11)
  A wyvern simulacrum (Gauntlet)
  A hound (D:4)
  24 orc priests
  A jelly (D:5)
  An iron imp (Gauntlet)
  A sleepcap (D:6)
  4 hell rats (Lair:5)
  An iguana (D:5)
  11 orc wizards
  2 gnolls (Orc:2)
  3 river rats (Sewer)
  4 adders
  A steam dragon zombie (Crypt:3)
  2 shadow imps (Gauntlet)
  3 white imps
  An ufetubus (Vaults:3)
  60 orcs
  An endoplasm (D:3)
  5 giant cockroaches
  A goblin (D:1)
  2 hobgoblins
  2 jackals (Sewer)
  A quokka (D:1)
  A river rat zombie (Crypt:1)
  3 ball pythons
  3 bats
  2 frilled lizards (D:1)
  A goblin zombie (Crypt:3)
  7 kobolds
  4 rats
  5 tentacles
1711 creatures vanquished.

Vanquished Creatures (others)
  the Lernaean hydra (D:15)
  2 caustic shrikes (Depths:2)
  An electric golem (Zot:2)
  73 eldritch tentacles
  A draconian knight (Zot:2)
  2 storm dragons (Zot:2)
  A draconian monk (Zot:5)
  A frost giant (Depths:3)
  3 draconian scorchers
  A black draconian (Zot:2)
  A minotaur (Gauntlet)
  A red draconian (Zot:5)
  A blizzard demon (Depths:3)
  A yaktaur captain (Vaults:5)
  9 hydras
  4 two-headed ogres
  An ogre mage (D:13)
  A catoblepas (Lair:3)
  A merfolk aquamancer (Shoals:1)
  A death yak (Lair:5)
  A boulder beetle (Lair:5)
  A pharaoh ant (Lair:2)
  2 deep elf pyromancers
  An ugly thing (Lair:5)
  A sphinx skeleton (Crypt:1)
  A merfolk siren (Shoals:1)
  5 gargoyles
  A cane toad (Lair:3)
  A merfolk (Shoals:3)
  A polar bear (Lair:3)
  A blink frog (Lair:2)
  A shadow (D:13)
  7 humans
  A wraith (D:12)
  28 yaks
  2 small abominations (Lair:5)
  A basilisk (Lair:5)
  A redback (Lair:2)
  A steam dragon (D:6)
  2 water moccasins
  An acid dragon (D:8)
  2 wargs (D:10)
  8 orc warriors
  An ice beast (D:6)
  A black bear (D:6)
  3 scorpions (D:5)
  A bullfrog (D:6)
  Dowan (D:5)
  5 killer bees (D:9)
  A howler monkey (D:9)
  An orc priest (D:9)
  A jelly (D:5)
  A sleepcap (D:6)
  7 orc wizards
  2 orcs
  A bush (Lair:2)
  14 demonic plants (Gauntlet)
  22 fungi
  189 plants
  8 tentacles
  4 toadstools (D:1)
441 creatures vanquished.

Grand Total: 2917 creatures vanquished

Notes
Turn   | Place    | Note
-------+----------+-------------------------------------------
     0 | D:1      | atomjack the Demonspawn Summoner began the quest for the
                  | Orb.
     0 | D:1      | Reached XP level 1. HP: 13/13 MP: 3/3
   519 | D:1      | Gained mutation: You are partially covered in slimy green
                  | scales. (AC +2) [demonic ancestry]
   519 | D:1      | Reached XP level 2. HP: 19/19 MP: 3/5
   655 | D:1      | Learned a level 2 spell: Call Imp
  1238 | D:2      | Identified the +9 whip "Luciel" {freeze, rElec rPois rC+
                  | Str-4}
  1346 | D:2      | Reached XP level 3. HP: 19/24 MP: 1/6
  1363 | D:2      | Learned a level 3 spell: Call Canine Familiar
  1854 | D:3      | Found a faded altar of an unknown god.
  1857 | D:3      | Reached XP level 4. HP: 31/31 MP: 8/8
  1868 | D:3      | Found a burning altar of Makhleb.
  1998 | D:3      | Found a glowing drain.
  2021 | Sewer    | Entered a sewer
  2062 | Sewer    | Reached skill level 1 in Maces & Flails
  2062 | Sewer    | Gained mutation: You regenerate magic rapidly. [demonic
                  | ancestry]
  2062 | Sewer    | Reached XP level 5. HP: 10/36 MP: 5/9
  2096 | Sewer    | Learned a level 3 spell: Summon Guardian Golem
  2286 | Sewer    | Reached skill level 5 in Summonings
  2359 | Sewer    | Reached skill level 1 in Fighting
  2359 | Sewer    | Gained mutation: You have sharp fingernails. [demonic
                  | ancestry]
  2359 | Sewer    | Reached XP level 6. HP: 42/43 MP: 9/11
  2679 | D:3      | Found Tazxes's Magic Scroll Emporium.
  2693 | D:3      | Bought a scroll of teleportation for 39 gold pieces
  2940 | D:3      | Noticed Jessica
  2945 | D:3      | Killed Jessica
  2966 | D:3      | Found a shimmering blue altar of Sif Muna.
  3785 | D:5      | Entered Level 5 of the Dungeon
  3814 | D:5      | Noticed Ijyb
  3825 | D:5      | Killed Ijyb
  3826 | D:5      | Gained mutation: You have very sharp fingernails. [demonic
                  | ancestry]
  3826 | D:5      | Reached XP level 7. HP: 29/48 MP: 9/13
  3962 | D:5      | Noticed Pikel
  4314 | D:5      | Reached skill level 1 in Hexes
  4398 | D:5      | Reached skill level 2 in Fighting
  4435 | D:5      | Reached skill level 5 in Spellcasting
  4449 | D:5      | Noticed Duvessa
  4452 | D:5      | Noticed Dowan
  4496 | D:5      | Killed Dowan
  4497 | D:5      | Gained mutation: Your demonic aura sometimes causes spilled
                  | blood to erupt in flames. [demonic ancestry]
  4497 | D:5      | Reached XP level 8. HP: 57/57 MP: 11/15
  4511 | D:5      | Killed Duvessa
  4720 | D:5      | Killed Pikel
  5484 | D:6      | Found Ynuuwnun's Distillery.
  5574 | D:6      | Reached XP level 9. HP: 34/62 MP: 13/18
  5921 | D:6      | HP: 3/62 [orc warrior/+1 hand axe of flaming (9)]
  5921 | D:6      | HP: 1/62 [orc warrior/+1 hand axe of flaming (2)]
  6186 | D:6      | Bought a potion of degeneration for 10 gold pieces
  6187 | D:6      | Bought a potion of brilliance for 40 gold pieces
  6187 | D:6      | Bought a potion of might for 40 gold pieces
  6426 | D:6      | Found an opulent altar of Gozag.
  6432 | D:6      | Learned a level 4 spell: Summon Lightning Spire
  6597 | D:6      | Reached skill level 3 in Fighting
  6681 | D:6      | Found a staircase to the Ecumenical Temple.
  6689 | Temple   | Entered the Ecumenical Temple
  6689 | Temple   | Found a transporter.
  6689 | Temple   | Found a transporter.
  6691 | Temple   | Found a transporter.
  6691 | Temple   | Found a transporter.
  6715 | Temple   | Became a worshipper of Ashenzari the Shackled
  7039 | D:7      | Noticed Menkaure
  7379 | D:8      | Noticed a two-headed ogre
  7383 | D:8      | Reached skill level 1 in Air Magic
  7417 | D:8      | Killed a two-headed ogre
  7418 | D:8      | Reached XP level 10. HP: 45/70 MP: 13/22
  7895 | D:8      | Reached skill level 10 in Summonings
  8576 | D:8      | Found Kixkon's Book Boutique.
  8661 | D:8      | Learned a level 2 spell: Blink
  8847 | D:8      | Noticed a gargoyle
  8860 | D:8      | Killed a gargoyle
  8861 | D:8      | Reached skill level 4 in Fighting
  9866 | D:9      | Reached skill level 1 in Armour
 10081 | D:9      | Reached skill level 5 in Maces & Flails
 10381 | D:9      | Reached skill level 5 in Fighting
 10381 | D:9      | Gained mutation: You have claws for hands. [demonic
                  | ancestry]
 10381 | D:9      | Reached XP level 11. HP: 79/79 MP: 18/24
 10443 | D:9      | Found a staircase to the Orcish Mines.
 10812 | D:9      | Found an ancient bone altar of Kikubaaqudgha.
 10817 | D:9      | Reached * piety under Ashenzari
 11570 | D:10     | Entered Level 10 of the Dungeon
 11605 | D:10     | Reached ** piety under Ashenzari
 11748 | D:10     | Noticed a two-headed ogre
 11768 | D:10     | Killed a two-headed ogre
 11883 | D:10     | Found a staircase to the Lair.
 12203 | D:10     | Found a blossoming altar of Fedhas.
 12240 | D:10     | Reached skill level 6 in Fighting
 12838 | D:3      | Bought a scroll of acquirement for 676 gold pieces
 12838 | D:3      | Acquired the ring of Buitis {rElec rN+ Int+6 Dex+3}
 13191 | Lair:1   | Entered Level 1 of the Lair of Beasts
 13260 | Lair:1   | Reached skill level 10 in Spellcasting
 13360 | Lair:1   | Gained mutation: You are mostly covered in slimy green
                  | scales. (AC +3) [demonic ancestry]
 13360 | Lair:1   | Reached XP level 12. HP: 87/89 MP: 22/26
 14295 | Lair:2   | Noticed Nergalle
 14295 | Lair:2   | Found a staircase to the Shoals.
 14350 | Lair:2   | Identified the +9 war axe of the Lost Knives {drain, Str+3
                  | Int+4}
 14499 | Lair:2   | Reached skill level 1 in Evocations
 14541 | Lair:2   | Reached skill level 7 in Fighting
 14849 | Lair:2   | Noticed a boulder beetle
 14871 | Lair:2   | Killed a boulder beetle
 15014 | Lair:2   | Found a sparkling altar of Nemelex Xobeh.
 15054 | Lair:2   | You fall into a shaft and drop 1 floor!
 15054 | Lair:3   | Noticed a five-headed hydra
 15068 | Lair:3   | Killed a five-headed hydra
 15448 | Lair:2   | Killed Nergalle
 15449 | Lair:2   | Reached skill level 1 in Shields
 15595 | Lair:2   | Found a hole to the Spider Nest.
 16140 | Lair:3   | Noticed a catoblepas
 16153 | Lair:3   | Killed a catoblepas
 16154 | Lair:3   | Reached skill level 8 in Fighting
 16248 | Lair:3   | Reached *** piety under Ashenzari
 16740 | Lair:3   | Identified the Volume of Pyromancy and Toxins
 16773 | Lair:3   | Reached XP level 13. HP: 95/99 MP: 27/27
 16782 | Lair:3   | Learned a level 4 spell: Anguish
 16794 | Lair:3   | Learned a level 8 spell: Summon Horrible Things
 17411 | Lair:4   | Found a dark tunnel.
 17417 | Volcano  | Entered a volcano
 17870 | Volcano  | Noticed a red draconian
 17913 | Volcano  | Killed a red draconian
 18143 | Volcano  | Noticed an orb of fire
 18183 | Volcano  | Noticed an orb of fire
 18744 | Lair:4   | Reached skill level 15 in Summonings
 19639 | Lair:5   | Entered Level 5 of the Lair of Beasts
 19640 | Lair:5   | Found a frozen archway.
 19650 | IceCv    | Entered an ice cave
 20734 | IceCv    | Gained mutation: When hurt, damage is shared between your
                  | health and your magic reserves. [demonic ancestry]
 20734 | IceCv    | Reached XP level 14. HP: 106/106 MP: 17/28
 20965 | IceCv    | Noticed a frost giant
 21007 | IceCv    | Killed a frost giant
 21110 | IceCv    | Identified the Incunabulum of Mutated Feathers
 22097 | Lair:5   | Identified the +9 whip "Qejan" {freeze, rN+ Int-4 Dex+3
                  | Stlth+}
 22431 | Lair:5   | Found a corrupted altar of Lugonu.
 22431 | Lair:5   | Found a one-way gate to the infinite horrors of the Abyss.
 23302 | Lair:5   | Learned a level 7 spell: Malign Gateway
 23560 | D:11     | Reached skill level 1 in Translocations
 24738 | D:12     | Noticed Erolcha
 24748 | D:12     | Found a gate leading to a gauntlet.
 24757 | Gauntlet | Entered a Gauntlet
 24757 | Gauntlet | Found a transporter.
 24757 | Gauntlet | Found a transporter.
 24757 | Gauntlet | Found a transporter.
 24789 | Gauntlet | Found a transporter.
 24799 | Gauntlet | Found a transporter.
 24799 | Gauntlet | Identified the ring "Meycyal" {Fly rElec}
 24802 | Gauntlet | Identified the +2 scale mail "Cor Saek" {Rampage +Blink
                  | rPois Dex-5}
 24820 | Gauntlet | Found a transporter.
 24829 | Gauntlet | Found a transporter.
 24836 | Gauntlet | Found a transporter.
 24875 | Gauntlet | Found a transporter.
 24897 | Gauntlet | Found a transporter.
 24903 | Gauntlet | Found a transporter.
 24904 | Gauntlet | Identified the staff of poison "Oskos" {rPois Will+ Str+2
                  | Dex+3}
 24921 | Gauntlet | Found a transporter.
 25059 | Gauntlet | Reached XP level 15. HP: 115/115 MP: 31/31
 25331 | Gauntlet | Identified the +1 plate armour "Niughero" {rPois MP+9}
 25639 | Gauntlet | Gained mutation: Your demonic aura often causes spilled
                  | blood to erupt in flames. [demonic ancestry]
 25639 | Gauntlet | Reached XP level 16. HP: 119/122 MP: 27/32
 25661 | Gauntlet | Upgraded the game from 0.30-a0-928-g7f6bbad527 to
                  | 0.30-a0-936-ge0d47acfc0
 25735 | D:12     | Killed Erolcha
 26228 | D:13     | Reached **** piety under Ashenzari
 26397 | D:8      | Bought a book of the Dragon for 460 gold pieces
 26729 | D:13     | Found Moasusye's Antique Armour Boutique.
 26823 | D:13     | Found Pemees's Antique Armour Shoppe.
 27381 | D:14     | Noticed Urug
 27381 | D:14     | Noticed Rupert
 27381 | D:14     | Found a gate to the Vaults.
 27716 | D:14     | Killed Rupert
 28014 | D:14     | Killed Urug
 28369 | D:15     | Entered Level 15 of the Dungeon
 28602 | D:15     | Found a shimmering altar of Xom.
 28604 | D:15     | Found a shimmering altar of Xom.
 28609 | D:15     | Found a shimmering altar of Xom.
 28610 | D:15     | Found a shimmering altar of Xom.
 28611 | D:15     | Found a shimmering altar of Xom.
 28612 | D:15     | Found a shimmering altar of Xom.
 28689 | D:15     | Learned a level 9 spell: Dragon's Call
 28974 | D:15     | Reached skill level 9 in Fighting
 29030 | D:15     | Found a runed translucent door.
 29208 | D:15     | Reached XP level 17. HP: 131/131 MP: 30/37
 29228 | D:15     | Found a runed translucent door.
 29251 | D:15     | Found a runed translucent door.
 29262 | D:15     | Reached skill level 15 in Spellcasting
 29267 | D:15     | Found a runed translucent door.
 29267 | D:15     | Noticed the 27-headed Lernaean hydra
 29302 | D:15     | Found a runed translucent door.
 29303 | D:15     | Identified the +8 sling of the Aged People {speed, rPois
                  | rN+}
 29303 | D:15     | Identified the amulet of Winter {Acrobat rElec rPois Int-5}
 29303 | D:15     | Identified the staff of death "Adeetaij" {rN+ Dex+2}
 29314 | D:15     | Killed the 26-headed Lernaean hydra
 29447 | D:15     | Identified Roxanne's Octavo of Shapeshifting
 29447 | D:15     | Noticed Roxanne
 29612 | D:15     | Killed Roxanne
 29674 | D:15     | Found a staircase to the Depths.
 29990 | Orc:1    | Entered Level 1 of the Orcish Mines
 30075 | Orc:2    | Entered Level 2 of the Orcish Mines
 30090 | Orc:2    | Reached ***** piety under Ashenzari
 30205 | Orc:2    | Found Iruhuama's Distillery.
 30205 | Orc:2    | Found Enoiwymm's Armour Boutique.
 30362 | Orc:2    | Found a staircase to the Elven Halls.
 30429 | Orc:2    | Found Qeorug's Magic Scroll Boutique.
 30429 | Orc:2    | Found Hiagrak's Assorted Antiques.
 30443 | Orc:2    | Bought a scroll labelled GIHIOXZ INOA for 27 gold pieces
 31098 | Orc:2    | Bought a glowing white potion for 24 gold pieces
 31243 | Shoals:1 | Entered Level 1 of the Shoals
 31249 | Shoals:1 | Reached skill level 10 in Fighting
 31361 | Shoals:1 | Noticed Josephine
 31369 | Shoals:1 | Killed Josephine
 31375 | Shoals:1 | Noticed a kraken
 31382 | Shoals:1 | Killed a kraken
 31386 | Shoals:1 | Reached skill level 5 in Hexes
 32043 | Shoals:2 | Noticed Nikola
 32046 | Shoals:2 | Killed Nikola
 32139 | Shoals:2 | Reached skill level 5 in Dodging
 32358 | Shoals:2 | Reached skill level 11 in Fighting
 32518 | Shoals:2 | Reached XP level 18. HP: 132/142 MP: 20/39
 33453 | Shoals:3 | Found Upsakhluh's Jewellery Shop.
 33599 | Shoals:4 | Entered Level 4 of the Shoals
 33602 | Shoals:4 | Identified the Guidebook on Toxins
 33725 | Shoals:4 | Reached skill level 12 in Fighting
 33816 | Shoals:4 | Noticed Ilsuiw
 33825 | Shoals:4 | Killed Ilsuiw
 33958 | Shoals:4 | Identified the staff of air "Gijapat" {rElec rPois Will+
                  | Dex+3}
 34252 | Shoals:4 | Got a barnacled rune of Zot
 34862 | Spider:1 | Entered Level 1 of the Spider Nest
 34866 | Spider:1 | Noticed Frances
 34871 | Spider:1 | Killed Frances
 34887 | Spider:1 | Noticed Azrael
 34893 | Spider:1 | Killed Azrael
 35424 | Spider:1 | Reached skill level 13 in Fighting
 36140 | Spider:2 | Noticed Donald
 36155 | Spider:2 | Killed Donald
 36161 | Spider:2 | Gained mutation: Your demonic aura causes all spilled blood
                  | to erupt in flames. [demonic ancestry]
 36161 | Spider:2 | Reached XP level 19. HP: 95/155 MP: 7/40
 36323 | Spider:2 | Noticed Arachne
 36331 | Spider:2 | Killed Arachne
 37294 | Spider:3 | Identified the +2 long sword "Isiugay" {elec, *Slow Int+6
                  | Stlth+}
 37294 | Spider:3 | Identified the +2 ring mail of Inviolability {rC+ Int+4
                  | Dex-4}
 37318 | Spider:3 | Reached skill level 14 in Fighting
 37582 | Spider:4 | Entered Level 4 of the Spider Nest
 37603 | Spider:4 | Noticed Kirke
 37606 | Spider:4 | Killed Kirke
 37638 | Spider:4 | Reached skill level 10 in Dodging
 38451 | Spider:4 | Found the +3 hat of Pondering {ponderous, Will+ MP+10
                  | Int+5}
 38467 | Spider:4 | Got a gossamer rune of Zot
 38981 | Elf:1    | Entered Level 1 of the Elven Halls
 39159 | Elf:1    | Found Ihisor's Antique Armour Shop.
 39159 | Elf:1    | Found Omucoer's Distillery.
 39184 | Elf:1    | Bought a pair of heavily runed boots for 351 gold pieces
 39184 | Elf:1    | Identified the +2 pair of boots of the Shrieking God
                  | {Rampage Str-5 Dex+2} (You bought it in a shop on level 1
                  | of the Elven Halls)
 39194 | Elf:1    | Reached skill level 15 in Fighting
 39268 | Elf:1    | Identified the Elucidation of Bolts
 39273 | Elf:1    | Reached skill level 10 in Hexes
 39275 | Elf:1    | Noticed Agnes
 39282 | Elf:1    | Killed Agnes
 39573 | Elf:1    | Reached XP level 20. HP: 164/168 MP: 30/41
 39831 | Elf:1    | Bought a faintly glowing leather armour for 259 gold pieces
 39831 | Elf:1    | Identified the +3 leather armour of Oblivion {rElec Str+3}
                  | (You bought it in a shop on level 1 of the Elven Halls)
 39912 | Elf:2    | Found Cana's Magic Scroll Shop.
 39961 | Elf:2    | Found Fahuyrph's Book Shop.
 39979 | Elf:2    | Found Weizuesh's General Store.
 39986 | Elf:2    | Reached skill level 1 in Necromancy
 40151 | Elf:2    | Found a runed translucent gate.
 40151 | Elf:2    | Found a runed translucent gate.
 40151 | Elf:2    | Found a runed translucent gate.
 40231 | Elf:2    | Found Feshrid's Weapon Shop.
 40408 | Elf:3    | Entered Level 3 of the Elven Halls
 41093 | Elf:3    | Reached skill level 5 in Necromancy
 41338 | Elf:3    | Identified the staff of cold "Oxowk" {rC+ Int+2}
 41342 | Elf:3    | Identified the +6 battleaxe of Evusef {protect, rF+}
 41395 | Elf:3    | Identified the +1 leather armour of Refuge {rC+}
 41535 | Elf:3    | Identified the +10 whip "Pudan" {freeze, Str+3}
 41565 | Elf:3    | Identified the staff of death "Vevewk" {rN+ Str+3}
 41568 | Elf:3    | Identified the Compendium of Air and the Burn
 41568 | Elf:3    | Identified Sicvaphu's Octavo of Solid Interference
 41569 | Elf:3    | Identified the staff of earth "Kouwedom" {rN+++ MP-9 Int+4
                  | Dex+2}
 41611 | Elf:3    | Identified the staff of conjuration "Leym Put" {rC++}
 42020 | D:8      | Bought a book of Unlife for 360 gold pieces
 42027 | D:8      | Learned a level 6 spell: Death Channel
 42172 | Vaults:1 | Entered Level 1 of the Vaults
 42255 | Vaults:1 | Found a flickering gateway to a bazaar.
 42276 | Vaults:1 | Reached skill level 1 in Earth Magic
 42279 | Vaults:1 | Reached skill level 1 in Transmutations
 42334 | Bazaar   | Entered a bazaar
 42338 | Bazaar   | Found Juinerch's Antique Armour Boutique.
 42366 | Bazaar   | Found Zeutog's Book Shoppe.
 42391 | Bazaar   | Found Utypteap's Armour Boutique.
 42407 | Bazaar   | Found Weygiypsip's General Store.
 42501 | Bazaar   | Bought a pair of bloodstained boots for 342 gold pieces
 42501 | Bazaar   | Identified the +1 pair of boots of the Sea {rF- rN+++ Dex-2
                  | Stlth+} (You bought it in a shop in a bazaar)
 42501 | Bazaar   | Bought a pair of glowing boots for 270 gold pieces
 42501 | Bazaar   | Bought a jet-encrusted leather armour for 252 gold pieces
 42501 | Bazaar   | Identified the +0 leather armour of the Harvest Moon {rCorr
                  | Int-4 Dex+2} (You bought it in a shop in a bazaar)
 43245 | Vaults:1 | Reached skill level 5 in Transmutations
 43245 | Vaults:1 | Reached skill level 5 in Earth Magic
 43373 | Vaults:1 | Found the +0 staff of Battle
 43460 | Vaults:1 | Reached XP level 21. HP: 170/178 MP: 30/43
 43638 | Vaults:1 | Learned a level 6 spell: Statue Form
 43699 | Vaults:1 | Identified the cursed +2 pair of boots "Lashed With Me"
                  | {Fly, Cun, Comp} (You found it on level 15 of the Dungeon)
 43699 | Vaults:1 | Identified the cursed +2 robe "Cursed Incredulity" {rF+,
                  | Evo, Comp} (You took it off Ilsuiw on level 4 of the
                  | Shoals)
 44425 | Vaults:2 | Found a staircase to the Crypt.
 44939 | Vaults:3 | Found Egawuv's Assorted Antiques.
 45070 | Vaults:3 | Found a flickering gateway to a bazaar.
 45089 | Bazaar   | Entered a bazaar
 45113 | Bazaar   | Found Eplyreh's Magic Scroll Shop.
 45113 | Bazaar   | Found Ciporr's Magic Scroll Boutique.
 45114 | Bazaar   | Found Ajeiwnesh's General Store.
 45145 | Bazaar   | Found Sathao's Jewellery Emporium.
 45153 | Bazaar   | Bought the ring "Gulienif" {Will+ AC+4 Int+3} for 494 gold
                  | pieces
 45153 | Bazaar   | Bought the ring of Hothrus {rC+ Will+ Dex+4} for 414 gold
                  | pieces
 45153 | Bazaar   | Bought the ring "Lyirejux" {Will++ rCorr Str-2 Dex+6
                  | Stlth+} for 550 gold pieces
 45175 | Bazaar   | Bought a scroll of enchant armour for 67 gold pieces
 45186 | Bazaar   | Bought a scroll of blinking for 75 gold pieces
 45186 | Bazaar   | Bought a scroll of magic mapping for 75 gold pieces
 45186 | Bazaar   | Bought a scroll of enchant weapon for 75 gold pieces
 45545 | Vaults:3 | Found Moamif's Assorted Antiques.
 45953 | Vaults:3 | Found Qajor Gune's Antique Weapon Boutique.
 46208 | Vaults:4 | Noticed Zenata
 46220 | Vaults:4 | Killed Zenata
 46254 | Vaults:4 | Reached skill level 10 in Earth Magic
 46438 | Vaults:4 | Identified the +0 chain mail of Somewhere Else {+Inv rN+}
 46478 | Vaults:4 | Reached skill level 10 in Transmutations
 46995 | Vaults:4 | Gained mutation: You are completely covered in slimy green
                  | scales. (AC +4, rPois) [demonic ancestry]
 46995 | Vaults:4 | Reached XP level 22. HP: 177/188 MP: 38/45
 46995 | Vaults:4 | Noticed Margery
 47002 | Vaults:4 | Killed Margery
 47019 | Vaults:4 | Found Colecih's Assorted Antiques.
 47543 | Crypt:1  | Entered Level 1 of the Crypt
 47584 | Crypt:1  | Noticed Boris
 47599 | Crypt:1  | Killed Boris
 47600 | Crypt:1  | Reached skill level 10 in Maces & Flails
 48153 | Crypt:1  | Found a shimmering blue altar of Sif Muna.
 48251 | Crypt:1  | Identified the Exposition on the Congregation
 48913 | Crypt:2  | Identified the +1 leather armour of Time Monsters {Fly
                  | rElec}
 49026 | Crypt:2  | Identified the +0 leather armour of Cocytus {Drain rPois
                  | rF+ rN+++}
 49252 | Crypt:2  | Reached skill level 15 in Maces & Flails
 49803 | Crypt:3  | Entered Level 3 of the Crypt
 50555 | Crypt:3  | Noticed an ancient lich
 50559 | Crypt:3  | Killed an ancient lich
 50778 | Crypt:3  | Found a staircase to the Tomb.
 50977 | Crypt:3  | Reached skill level 16 in Fighting
 50995 | Crypt:3  | Gained mutation: When low on magic, you restore magic in
                  | place of health. [demonic ancestry]
 50995 | Crypt:3  | Reached XP level 23. HP: 151/196 MP: 46/46
 51066 | Crypt:3  | Noticed a curse toe
 51069 | Crypt:3  | Killed a curse toe
 51095 | Crypt:3  | Identified the Spellbook of Glowing Filth
 51180 | Crypt:3  | Identified the +0 arbalest of the Turnip {heavy, +Blink
                  | Int+4 Stlth+}
 51180 | Crypt:3  | Identified the +5 shortbow of Heal {freeze, rC++ Dex+3}
 51181 | Crypt:3  | Identified the staff of poison "Epherue" {rElec rPois rC-
                  | Will+}
 51903 | Depths:1 | Entered Level 1 of the Depths
 52268 | Depths:1 | Found a gateway to Hell.
 52780 | Depths:1 | Found a broken altar of Ashenzari.
 53269 | Depths:2 | Noticed a caustic shrike
 53269 | Depths:2 | Noticed a caustic shrike
 53269 | Depths:2 | Noticed a caustic shrike
 53269 | Depths:2 | Noticed a caustic shrike
 53280 | Depths:2 | Killed a caustic shrike
 53281 | Depths:2 | Killed a caustic shrike
 53284 | Depths:2 | Killed a caustic shrike
 53287 | Depths:2 | Killed a caustic shrike
 53359 | Depths:2 | Found a one-way gate leading to the halls of Pandemonium.
 53624 | Depths:2 | Reached skill level 17 in Fighting
 53825 | Depths:2 | Reached skill level 15 in Dodging
 54661 | Depths:3 | Reached XP level 24. HP: 190/209 MP: 46/46
 54894 | Depths:3 | Identified the +3 cloak of the Meager God {rC+ rN+ Str+4
                  | Int-4}
 54954 | Depths:3 | Identified the +1 ring mail of Dishonesty {Fly rPois
                  | Slay+2}
 54956 | Depths:3 | Found the +8 demon blade "Leech" {evervamp, Harm Drain rN+}
 55007 | Depths:3 | Found a one-way gateway to a ziggurat.
 55149 | Depths:3 | Acquired 822 gold pieces
 55310 | Depths:3 | Identified the +2 leather armour of Awe {Will+ Str+2 Int-2}
 55591 | Depths:4 | Entered Level 4 of the Depths
 55595 | Depths:4 | Reached skill level 18 in Fighting
 55862 | Depths:4 | Found a gate to the Realm of Zot.
 56681 | Vaults:5 | Entered Level 5 of the Vaults
 56763 | Vaults:5 | Noticed an ancient lich
 56764 | Vaults:5 | Reached skill level 19 in Fighting
 56792 | Vaults:5 | Killed an ancient lich
 57023 | Vaults:5 | Identified the +0 leather armour of Tuprosep {Fly Will-
                  | Dex+4 Stlth+}
 57156 | Vaults:5 | Gained mutation: Your hexes are more powerful. [demonic
                  | ancestry]
 57156 | Vaults:5 | Reached XP level 25. HP: 214/221 MP: 40/46
 57355 | Vaults:5 | Noticed Mennas
 57372 | Vaults:5 | Killed Mennas
 57531 | Vaults:5 | Identified the +1 falchion of Xocutzao {flame, MP+9}
 57601 | Vaults:5 | Found Horch's Book Shoppe.
 57617 | Vaults:5 | Found Ogaisedim's Antique Armour Shop.
 57621 | Vaults:5 | Bought a shiny orb for 348 gold pieces
 57621 | Vaults:5 | Bought an embroidered robe for 107 gold pieces
 57621 | Vaults:5 | Bought an embroidered scarf for 232 gold pieces
 57645 | Vaults:5 | Found Iqioveut's Antique Weapon Shop.
 57649 | Vaults:5 | Bought a crystal whip for 172 gold pieces
 57649 | Vaults:5 | Identified the +4 whip "Veonolymeu" {vamp, Str+3} (You
                  | bought it in a shop on level 5 of the Vaults)
 57655 | Vaults:5 | Found Dyaserys's Antique Armour Shoppe.
 57659 | Vaults:5 | Bought a fine orb for 602 gold pieces
 57659 | Vaults:5 | Identified the orb of Fallacy {light, Rampage rF+ Str-5
                  | Int+6} (You bought it in a shop on level 5 of the Vaults)
 57659 | Vaults:5 | Bought a glowing orb for 516 gold pieces
 57961 | Vaults:5 | Got a silver rune of Zot
 58020 | Vaults:5 | Identified the staff of earth "Disoz" {Fly}
 58577 | Lair:5   | Found a staircase to the Slime Pits.
 58587 | Slime:1  | Entered Level 1 of the Pits of Slime
 58991 | Slime:5  | Entered Level 5 of the Pits of Slime
 59035 | Slime:5  | Noticed the Royal Jelly
 59492 | Slime:5  | Reached skill level 15 in Hexes
 59511 | Slime:5  | Learned a level 8 spell: Discord
 59536 | Slime:5  | Killed the Royal Jelly
 59604 | Slime:5  | Identified the +3 whip "Gorhit" {heavy, Int+3}
 59605 | Slime:5  | Identified the +3 sling of the Open Hand {flame, Str+2
                  | Dex+3}
 59606 | Slime:5  | Identified the staff of cold "Imireot" {rC+ Will+ Str-4
                  | Int+4}
 59607 | Slime:5  | Identified the staff of poison "Zilazibu" {rPois rN+ Str+3}
 59607 | Slime:5  | Found the ring of the Mage {Wiz Archmagi}
 59618 | Slime:5  | Identified the +6 spear of Tartarus {elec, rC+}
 59732 | Slime:5  | Got a slimy rune of Zot
 60488 | Vaults:5 | Bought a book of Misfortune for 504 gold pieces
 60787 | Zot:1    | Entered Level 1 of the Realm of Zot
 60996 | Zot:1    | Noticed an orb of fire
 60998 | Zot:1    | Upgraded the game from 0.30-a0-936-ge0d47acfc0 to
                  | 0.30-a0-939-gc8157cb160
 61017 | Zot:1    | Killed an orb of fire
 61331 | Zot:1    | Learned a level 7 spell: Enfeeble
 61442 | Zot:1    | Found a corrupted altar of Lugonu.
 61524 | Zot:1    | Paralysed by a Zot trap for 4 turns
 61786 | Zot:1    | Found the +3 pair of seven-league boots {Rampage+∞}
 62279 | Zot:2    | Gained mutation: Your melee attacks may debilitate your
                  | foes. [demonic ancestry]
 62279 | Zot:2    | Reached XP level 26. HP: 230/230 MP: 25/47
 62279 | Zot:2    | Found the +4 dragonskin cloak
 62279 | Zot:2    | Noticed Tiamat
 62316 | Zot:2    | Killed Tiamat
 62464 | Zot:2    | Noticed Parghit
 62483 | Zot:2    | Killed Parghit
 62655 | Zot:2    | Noticed an orb of fire
 62672 | Zot:2    | Killed an orb of fire
 65103 | Zot:4    | Reached skill level 10 in Necromancy
 65111 | Zot:4    | Gained mutation: You are surrounded by an aura of silence.
                  | [demonic ancestry]
 65111 | Zot:4    | Reached XP level 27. HP: 189/240 MP: 4/51
 66484 | Elf:2    | Bought a Necronomicon for 1008 gold pieces
 66933 | Zot:4    | Learned a level 8 spell: Borgnjor's Revivification
 66958 | Zot:5    | Entered Level 5 of the Realm of Zot
 67360 | Zot:5    | Noticed an ancient lich
 67404 | Zot:5    | Killed an ancient lich
 67541 | Zot:5    | Noticed an orb of fire
 67542 | Zot:5    | Reached skill level 15 in Necromancy
 67549 | Zot:5    | Killed an orb of fire
 67553 | Zot:5    | Noticed an orb of fire
 67561 | Zot:5    | Killed an orb of fire
 67657 | Zot:5    | Noticed an orb of fire
 67668 | Zot:5    | Killed an orb of fire
 67751 | Zot:5    | Learned a level 9 spell: Death's Door
 67910 | Zot:5    | Paralysed by a Zot trap for 4 turns
 67966 | Zot:5    | Noticed an orb of fire
 67977 | Zot:5    | Noticed an orb of fire
 67998 | Zot:5    | Killed an orb of fire
 68002 | Zot:5    | Killed an orb of fire
 68496 | Zot:5    | Got the Orb of Zot
 68621 | Zot:4    | Reached skill level 20 in Fighting
 68791 | Depths:1 | Noticed an ancient lich
 68791 | Depths:1 | Noticed Vorec the pandemonium lord
 68806 | Depths:1 | Killed an ancient lich
 68806 | Depths:1 | Killed Vorec the pandemonium lord
 68864 | Depths:1 | Noticed Ziahadoe the pandemonium lord
 68886 | D:15     | Killed Ziahadoe the pandemonium lord
 69222 | D:$      | Escaped with the Orb!

Illustrated notes

Levels and vault maps discovered:
D:1:      ldierk_walled_garden_2, layout_loops_ring, minmay_misc_feat_enclosed
D:2:      layout_basic
D:3:      minmay_door_path, layout_loops_ring, tgw_sif,
          nicolae_overflow_ecumenical_swirl, serial_shops,
          nicolae_shop_waterfront, gup_sewer_entry_glass, st_stairs_8,
          minivault_14
D:4:      layout_cave_pods
D:5:      layout_loops_corners, uniq_pikel, uniq_duvessa, uniq_ijyb
D:6:      layout_rooms, grunt_gozag_breadcrumbs, minmay_temple_entry_statues,
          serial_shops, nicolae_shop_statue_plus, grunt_decor_cap,
          hangedman_decor_growths
D:7:      nzn_winding_woodlands_three_and_one
          [nzn_winding_woodlands_5x15_concentric,
          nzn_winding_woodlands_5x15_pockets,
          nzn_winding_woodlands_5x15_river_crossing,
          nzn_winding_woodlands_center_diamonds], layout_cave_pools,
          kennysheep_generic_room_6, uniq_menkaure
D:8:      cheibrodos_two_vegetables, layout_layer_cave, serial_shops, shop,
          minmay_fractal_squares_diagonal_5
D:9:      layout_loops_ring, lemuel_doored_altar, david_orc_5
D:10:     minmay_goldmine, layout_stronghold, mainiacjoe_overflow_catwalk,
          erik_lair_orcish_takeover
D:11:     erik_rubicon_a, layout_stronghold, kennysheep_cross_room,
          hangedman_decor_points
D:12:     layout_rooms, gauntlet_entry_generic, uniq_erolcha
D:13:     layout_loops_ring, serial_shops, nicolae_square_shop,
          nicolae_shop_trees
D:14:     layout_rooms, david_vaults_3, kennysheep_cross_bottleneck
D:15:     hangedman_depths_entry_try_elsewhere_first, layout_irregular_city,
          xom_redecorated, nicolae_hydra_factorization, uniq_roxanne
Temple:   hellmonk_temple_divided_pantheon
Lair:1:   layout_cave_pods, serial_bayou_lagoon_a
Lair:2:   wad_woods_stonehenge, layout_cave_pods, minmay_shoals_entry_centaurs,
          nicolae_spider_entry_lesser_pyramids, chequers_serial_rivers_micro_c,
          uniq_nergalle
Lair:3:   layout_regular_city, pdpol_lair_cavern_descent
Lair:4:   layout_long_grid, nicolae_volcano_entry_s_turn, uniq_rupert
Lair:5:   hellmonk_lair_end_abyssal_woods, layout_gridlike,
          minmay_slime_entry_oklob_enclosed, portal_ice_cave_entry_pillars_2,
          pond
Shoals:1: layout_shoals, uniq_josephine
Shoals:2: layout_shoals, uniq_nikola
Shoals:3: layout_shoals, serial_shops, shop_fountains,
          nicolae_shoals_seven_spires
Shoals:4: shoals_end_simple, layout_shoals, shoals_ilsuiw_ice
Spider:1: layout_cave_pods, uniq_frances, uniq_azrael
Spider:2: layout_spider_delve, uniq_arachne, uniq_donald
Spider:3: layout_spider_delve, nicolae_spider_bug_shape
Spider:4: hellmonk_spider_rune_endless_swarm, beargit_elvish_explorers,
          uniq_kirke
Slime:1:  layout_caves
Slime:2:  layout_caves
Slime:3:  layout_caves
Slime:4:  layout_caves
Slime:5
Orc:1:    layout_diamond_mine
Orc:2:    st_orc_town, layout_caves, basic_altar, nicolae_orc_lava_room
Elf:1:    eino_elf_arrival_customs, layout_rooms, minmay_elf_annihilation,
          lemuel_flame_loot_1, minmay_shoptagon, grunt_megastairs_3, uniq_agnes
Elf:2:    elven_hall_of_blades_hangedman_original
          [nicolae_blade_entry_floor_patterns], layout_geoelf_octagon,
          serial_shops, shop_statue, nicolae_shop_statue_plus, shop, shop
Elf:3:    minmay_elf_hall_furrowed, layout_geoelf_octagon, st_stairs_14
Vaults:1: v_misc_27, nicolae_vaults_alarming, vaults_mumra_minichess, v_misc_14,
          st_eye, v_misc_19, v_misc_25, nicolae_vaults_theta, v_misc_27,
          vaults_room_ringed_pool, dpeg_vaults_monster_box,
          layout_vaults_omnicross, serial_shops, bzr_entry_gold
Vaults:2: nicolae_vaults_little_squares_6, nicolae_vaults_hallways_thing,
          ontoclasm_vaults_fault, st_lines, grunt_vaults_diagonal,
          ontoclasm_vaults_chip, hangedman_vaults_nails, hangedman_vaults_slice,
          nicolae_vaults_little_squares_4, ontoclasm_vaults_decontamination,
          nicolae_vaults_asterisk, ontoclasm_vaults_loading_screen,
          ontoclasm_vaults_shuriken, layout_vaults_big_room, dummy_crypt_entry
Vaults:3: v_misc_30, v_misc_15, serial_ice_h, grunt_vaults_swirl,
          vaults_room_hallway, ontoclasm_vaults_ligature, vaults_dpeg_ring,
          nicolae_vaults_shelves_hall, layout_vaults_omnigrid, serial_shops,
          bzr_entry_safe, shop, nicolae_shop_crystal, shop
Vaults:4: v_misc_22, nicolae_vaults_statue_guard,
          nicolae_vaults_windows_and_doors_thing, grunt_vaults_bifocal,
          v_misc_23, grunt_vaults_hallway_long, vaults_room_octagon,
          v_alt_pattern_2, dpeg_vaults_monster_row, vaults_dpeg_hooks,
          vaults_dpeg_diagonal, layout_vaults_ring, serial_shops,
          nicolae_square_shop, uniq_margery, uniq_zenata
Vaults:5: serial_shops, uniq_mennas
Crypt:1:  layout_misc_corridors, serial_sigils_hangedman_shear,
          hangedman_summoners_spam, grunt_megastairs_2, uniq_boris
Crypt:2:  layout_misc_corridors, grunt_megastairs_1
Crypt:3:  due_elkab, layout_chaotic_city, tomb_entry_forgotten_bobbens
Depths:1: layout_basic, minmay_misc_feat_iff, grunt_metal_band, minivault_16,
          minmay_misc_feat_secret_circle, ashenzari_conservatory_becter
Depths:2: kennysheep_funnel, layout_basic, kennysheep_donut,
          rand_demon_pan_entry_3, pf_hell_entry_tar_river, abyss_entry,
          minmay_staircase_windowed_small
Depths:3: hangedman_arch_fort, layout_cave_pools, enter_ziggurat_b, abyss_entry,
          minmay_misc_feat_nine_boxes, hangedman_coc_ice_floe, st_stairs_14
Depths:4: evilmike_zot_entry_argh, layout_cave_pools, hell_entry, abyss_entry,
          serial_bayou_pond_c
Zot:1:    hangedman_orp_of_zott, layout_twisted_circle,
          hangedman_zot_decor_scrapings
Zot:2:    grunt_zot_stairs_mandelzot, layout_cathedral_of_symmetry, uniq_tiamat,
          uniq_parghit
Zot:3:    hangedman_snap_crack_crunch, layout_concentric_octagons
Zot:4:    layout_cathedral_of_symmetry
Zot:5:    layout_twisted_circle

Skill      XL: |  1  2  3  4  5  6  7  8  9 10 11 12 13 14 15 16 17 18 19 20 21 22 23 24 25 26 27 |
---------------+----------------------------------------------------------------------------------+-----
Stealth        | 2 |  2.4
Dodging        | 2 5 8 11 12 16 18 19 | 19.9
Maces & Flails | 1 2 3 5 7 8 9 16 | 16.0
Spellcasting   | 3 4 5 6 8 9 10 14 15 16 19 | 19.6
Summonings     | 5 6 8 9 10 11 12 16 18 19 | 19.1
Fighting       | 1 2 3 5 6 8 9 11 13 15 16 17 19 20 | 20.2
Hexes          | 1 2 3 6 8 10 12 16 18 | 18.0
Air Magic      | 1 |  1.9
Armour         | 2 3 4 |  4.9
Evocations     | 4 |  4.2
Shields        | 1 2 4 |  4.0
Translocations | 6 7 |  7.7
Necromancy     | 7 10 19 | 19.1
Earth Magic    | 5 10 11 | 11.1
Transmutations | 5 10 | 10.8
Short Blades   | |  0.2
Unarmed Combat | |  0.3

Action                     |  1- 3 |  4- 6 |  7- 9 | 10-12 | 13-15 | 16-18 | 19-21 | 22-24 | 25-27 || total
---------------------------+-------+-------+-------+-------+-------+-------+-------+-------+-------++-------
  Melee: Short sword       |    36 |       |       |       |       |       |       |       |       ||    36
         Unarmed           |     2 |       |       |       |       |       |       |       |       ||     2
         Whip              |    31 |   103 |    71 |   237 |   380 |   248 |       |       |       ||  1070
         Punch             |     1 |     1 |     1 |     3 |       |       |       |       |       ||     6
         Demon whip        |       |       |       |    45 |       |    71 |   598 |   456 |   992 ||  2162
         Eveningstar       |       |       |       |       |       |       |       |   368 |       ||   368
   Cast: Summon Small Mamm |    34 |     1 |     2 |     1 |     2 |     2 |       |       |       ||    42
         Call Imp          |     8 |    11 |    14 |     6 |     7 |     4 |       |       |       ||    50
         Call Canine Famil |     1 |    15 |    34 |    45 |    70 |    23 |     2 |       |       ||   190
         Summon Guardian G |       |     1 |    26 |    68 |    78 |    35 |     1 |       |       ||   209
         Summon Lightning  |       |       |     6 |    55 |   102 |    39 |     7 |       |       ||   209
         Blink             |       |       |       |     1 |       |       |       |       |     3 ||     4
         Summon Horrible T |       |       |       |       |     3 |     2 |     1 |     5 |    15 ||    26
         Malign Gateway    |       |       |       |       |       |    35 |    15 |    17 |    14 ||    81
         Anguish           |       |       |       |       |       |     2 |       |     9 |     4 ||    15
         Dragon's Call     |       |       |       |       |       |    33 |    55 |    40 |    43 ||   171
         Death Channel     |       |       |       |       |       |       |    11 |    17 |    16 ||    44
         Statue Form       |       |       |       |       |       |       |     2 |     3 |     5 ||    10
         Enfeeble          |       |       |       |       |       |       |       |       |     6 ||     6
         Discord           |       |       |       |       |       |       |       |       |     3 ||     3
 Invoke: Curse Item        |       |       |       |     5 |     2 |     4 |     3 |       |     1 ||    15
         Shatter the Chain |       |       |       |     1 |     1 |     2 |     2 |     1 |     1 ||     8
Ability: End Transformatio |       |       |       |       |       |       |       |     1 |       ||     1
  Evoke: Wand              |       |       |       |     1 |     2 |       |       |       |     1 ||     4
    Use: Scroll            |     2 |     2 |     8 |     7 |     3 |     4 |     5 |    10 |     6 ||    47
         Potion            |       |       |     4 |       |     2 |       |     1 |     4 |     2 ||    13
   Stab: Sleeping          |     2 |     4 |       |       |     1 |     1 |     5 |     9 |     4 ||    26
         Distracted        |       |       |     1 |     3 |     8 |     8 |     9 |    38 |    38 ||   105
         Invisible         |       |       |       |       |       |       |       |       |     1 ||     1
 Armour: Robe              |    40 |    19 |    13 |     3 |       |    10 |    89 |   112 |       ||   286
         Acid dragon scale |       |       |       |   104 |   140 |   117 |       |       |       ||   361
         Skin              |       |       |       |       |       |       |     4 |       |    32 ||    36
         Leather armour    |       |       |       |       |       |       |       |    15 |   111 ||   126
  Dodge: Dodged            |    70 |    62 |    55 |   173 |   184 |   217 |   345 |   636 |   851 ||  2593
  Block: Buckler           |       |       |       |    22 |    73 |   104 |   137 |   201 |   262 ||   799

Table legend: (Time is in decaauts)
 A = Elapsed time spent in this place.
 B = Non-inter-level travel time spent in this place.
 C = Inter-level travel time spent in this place.
 D = Time resting spent in this place.
 E = Time spent auto-exploring this place.
 F = Levels seen in this place.
 G = Mean time per level.
                   A        B        C        D        E       F      G
               +--------+--------+--------+--------+--------+-----+--------+
         Total |  70765 |  61809 |   8956 |   8007 |  32194 |  62 | 1141.4 |
       Dungeon |  19843 |  16791 |   3052 |   2288 |   9190 |  15 | 1322.9 |
        Temple |     44 |     21 |     23 |      0 |      0 |   1 |   44.0 |
          Lair |   8238 |   6856 |   1382 |   1169 |   3621 |   5 | 1647.6 |
        Shoals |   3807 |   3576 |    231 |    446 |   1904 |   4 |  951.8 |
   Spider Nest |   3948 |   3643 |    305 |    731 |   1533 |   4 |  987.0 |
    Slime Pits |   1233 |   1202 |     31 |    580 |      0 |   5 |  246.6 |
  Orcish Mines |   1261 |   1014 |    247 |    123 |    486 |   2 |  630.5 |
   Elven Halls |   3286 |   2777 |    509 |    271 |   1212 |   3 | 1095.3 |
        Vaults |   7576 |   6553 |   1023 |    223 |   3907 |   5 | 1515.2 |
         Crypt |   4064 |   3880 |    184 |    384 |   2239 |   3 | 1354.7 |
        Depths |   5731 |   4441 |   1290 |    481 |   2644 |   4 | 1432.8 |
           Zot |   7502 |   6828 |    674 |    391 |   4574 |   5 | 1500.4 |
        Bazaar |    366 |    366 |      0 |      0 |    170 |   2 |  183.0 |
         Sewer |    533 |    533 |      0 |     63 |    108 |   1 |  533.0 |
      Ice Cave |   1520 |   1520 |      0 |    427 |    293 |   1 | 1520.0 |
       Volcano |    926 |    926 |      0 |    289 |    139 |   1 |  926.0 |
      Gauntlet |    883 |    883 |      0 |    141 |    170 |   1 |  883.0 |
               +--------+--------+--------+--------+--------+-----+--------+

Top non-repeatable levels by time:
     D:9: 2622 daAuts
     D:8: 2570 daAuts
  Lair:5: 2162 daAuts
     D:5: 2005 daAuts
  Lair:2: 1926 daAuts
Depths:1: 1816 daAuts
Vaults:1: 1800 daAuts
Depths:2: 1761 daAuts
   Zot:2: 1668 daAuts
   Zot:5: 1663 daAuts
 Crypt:3: 1658 daAuts
  Lair:1: 1632 daAuts
Vaults:5: 1613 daAuts
   Zot:1: 1610 daAuts
    D:10: 1552 daAuts
